 Dungeon Crawl Stone Soup version 0.27-a0-155-g177a798329 (webtiles) character file.

Game seed: 11468472292924750424

37 HoaS the Shield-Bearer (level 3, -1/29 HPs)
             Began as a Formicid Fighter on Jan 27, 2021.
             Splashed by a jelly's acid (10 damage)
             ... on level 2 of the Dungeon.
             The game lasted 00:02:16 (1026 turns).

HoaS the Shield-Bearer (Formicid Fighter)           Turns: 1026, Time: 00:02:16

Health: -1/29      AC:  2    Str: 21    XL:     3   Next: 60%
Magic:  3/3        EV:  8    Int:  7    God:
Gold:   72         SH:  9    Dex: 10    Spells: 2/2 levels left

rFire    . . .     SeeInvis +   a - +0 quarterstaff
rCold    . . .     Faith    .   c - +0 kite shield
rNeg     . . .     Spirit   .   b - +0 scale mail
rPois    .         Reflect  .   (helmet unavailable)
rElec    .         Harm     .   (no cloak)
rCorr    .         Rampage  .   (no gloves)
Will     .....                  (no boots)
Stlth    ..........             (no amulet)
HPRegen  0.09/turn              (no ring)
MPRegen  0.08/turn              (no ring)

@: corroded
A: permanent stasis, dig shafts and tunnels, four strong arms, antennae 3
a: Dig, Shaft Self


You were on level 2 of the Dungeon.
You visited 1 branch of the dungeon, and saw 2 of its levels.

You collected 72 gold pieces.

Inventory:

Hand Weapons
 a - a +0 quarterstaff (weapon)
Armour
 b - a +0 scale mail (worn)
 c - a +0 kite shield (worn)
Scrolls
 f - 3 scrolls of identify
 g - a scroll of fog
Potions
 d - a potion of might


   Skills:
 - Level 3.2 Fighting
 * Level 3.2 Staves
 - Level 3.2 Armour
 + Level 4.2 Shields


You had 2 spell levels left.
You didn't know any spells.
Your spell library was empty.

Dungeon Overview and Level Annotations

Branches:
Dungeon (2/15)

Altars:
The Shining One


Innate Abilities, Weirdness & Mutations

You cannot be hasted, slowed, berserked, paralysed or teleported.
You can dig through walls and to a lower floor.
Your four strong arms can wield two-handed weapons with a shield.
You have a pair of large antennae on your head. (SInv)


Message History

The jelly quivers.
You hit the kobold but do no damage. The kobold closely misses you.
The kobold hits you but does no damage.
You hit the kobold.
The kobold is moderately wounded.
The kobold barely misses you.
There are monsters nearby!
You hit the kobold but do no damage.
The kobold is moderately wounded.
The kobold hits you with a +0 short sword.
You hit the kobold but do no damage.
The kobold is moderately wounded.
You block the kobold's attack.
You sock the kobold!
You kill the kobold!
The jelly hits you.
You are splashed with acid!
You sock the jelly! The acid corrodes you!
Your hands burn!
The jelly is severely wounded.
The jelly hits you.
You are splashed with acid!
You die...

...########.#####.#
... ##.# ## #..# #
{ #.## .# #.#
####.## #.###.....#
#.........#
#####.#...# #@# ##
#J# #.# #.# #.# #.#
..# ###


You could see a jelly.

Vanquished Creatures
  A gnoll (D:1)
  A leopard gecko (D:1)
  A giant cockroach (D:1)
  4 goblins (D:1)
  5 hobgoblins
  2 ball pythons (D:1)
  2 bats (D:1)
  4 frilled lizards
  4 kobolds
  2 rats (D:1)
26 creatures vanquished.

Notes
Turn   | Place    | Note
-------+----------+-------------------------------------------
     0 | D:1      | HoaS the Formicid Fighter began the quest for the Orb.
     0 | D:1      | Reached XP level 1. HP: 18/18 MP: 1/1
   345 | D:1      | Reached XP level 2. HP: 24/24 MP: 2/2
   408 | D:1      | Reached skill level 4 in Shields
   408 | D:1      | Reached XP level 3. HP: 21/29 MP: 3/3
   655 | D:1      | Found a glowing golden altar of the Shining One.
  1026 | D:2      | Splashed by a jelly's acid

Illustrated notes

Levels and vault maps discovered:
D:1:      dpeg_arrival_circle_labyrinth_a, layout_basic, tso_metal_star
D:2:      layout_loops_ring, okawaru_gym_becter, st_stairs_8

Skill      XL: |  1  2  3 |
---------------+----------+-----
Shields        | 4 |  4.2
Staves         | 3 |  3.2
Fighting       | |  3.2
Armour         | |  3.2

Action                   || total
-------------------------++-------
Melee: Quarterstaff      ||    82
 Abil: Dig               ||     2
  Use: Scroll            ||     2
Armor: Scale mail        ||    36
Dodge: Dodged            ||    20
Block: Kite shield       ||    39

Table legend: (Time is in decaauts)
 A = Elapsed time spent in this place.
 B = Non-inter-level travel time spent in this place.
 C = Inter-level travel time spent in this place.
 D = Time resting spent in this place.
 E = Time spent auto-exploring this place.
 F = Levels seen in this place.
 G = Mean time per level.
                   A        B        C        D        E       F      G
               +--------+--------+--------+--------+--------+-----+--------+
         Total |   1055 |   1029 |     26 |    293 |    538 |   2 |  527.5 |
       Dungeon |   1055 |   1029 |     26 |    293 |    538 |   2 |  527.5 |
               +--------+--------+--------+--------+--------+-----+--------+

Top non-repeatable levels by time:
     D:1: 968 daAuts
     D:2: 87 daAuts
